 Dungeon Crawl Stone Soup version 0.22.0-27-ga576289 (webtiles) character file.

367 shmeve the Shield-Bearer (level 6, -2/52 HPs)
             Began as a Minotaur Berserker on Aug 22, 2018.
             Was a Priest of Trog.
             Slain by an ogre
             ... wielding a +0 giant club
              (29 damage)
             ... on level 4 of the Dungeon.
             The game lasted 00:08:00 (2429 turns).

shmeve the Shield-Bearer (Minotaur Berserker)       Turns: 2429, Time: 00:08:00

Health: -2/52      AC:  4    Str: 24    XL:     6   Next: 41%
Magic:  5/5        EV:  8    Int:  4    God:    Trog [***...]
Gold:   126        SH: 19    Dex:  9    Spells: 5/5 levels left

rFire    . . .     SeeInvis .   a - +0 hand axe
rCold    . . .     Gourm    .   g - +3 large shield
rNeg     . . .     Faith    .   b - +0 animal skin
rPois    .         Spirit   .   (helmet restricted)
rElec    .         Reflect  .   t - +0 cloak
rCorr    .         Harm     .   (no gloves)
MR       .....                  j - +0 pair of boots
Stlth    +.........             (no amulet)
HPRegen  0.17/turn              (no ring)
MPRegen  0.09/turn              (no ring)

@: lethally poisoned (-2 -> -4), berserk cooldown, slowed, very slow
A: retaliatory headbutt, horns 2
a: Berserk, Trog's Hand, Renounce Religion


You were on level 4 of the Dungeon.
You worshipped Trog.
Trog was most pleased with you.
You were near starving.

You visited 1 branch of the dungeon, and saw 4 of its levels.

You collected 126 gold pieces.

Inventory:

Hand Weapons
 a - a +0 hand axe (weapon)
Armour
 b - a +0 animal skin (worn)
 g - a +3 large shield (worn)
 j - a +0 pair of boots (worn)
 t - a +0 cloak (worn)
Scrolls
 e - 2 scrolls of teleportation
 f - 3 scrolls of identify
 h - a scroll of fear {unknown}
 l - 5 scrolls of remove curse
 q - 2 scrolls of fog
Potions
 d - 2 potions of mutation {unknown}
 i - a potion of ambrosia {unknown}
 k - a potion of magic {unknown}
 m - a potion of berserk rage {unknown}
 n - 2 potions of curing {unknown}
 p - 3 potions of haste
 r - a potion of cancellation {unknown}
Comestibles
 c - 6 rations


   Skills:
 * Level 4.2 Fighting
 * Level 4.3 Axes
 * Level 1.4 Throwing
 + Level 2.8 Armour
 + Level 2.5 Dodging
 * Level 6.4 Shields


You had 5 spell levels left.
You didn't know any spells.
Your spell library was empty.

Dungeon Overview and Level Annotations

Branches:
Dungeon (4/15)
 Temple: D:4-7

Altars:
Uskayaw
Yredelemnul
The Shining One


Innate Abilities, Weirdness & Mutations

You reflexively headbutt those who attack you in melee.
You have a pair of horns on your head.


Message History

An ogre comes into view. It is wielding a giant club.
The ogre shouts!
You hit the adder but do no damage.
You feel sick. The adder misses you. You block the adder's attack.
You hit the adder.
The adder is lightly wounded.
The adder barely misses you. You block the adder's attack.
The adder closely misses you. You furiously retaliate!
You headbutt the adder!
You kill the adder!
Trog accepts your kill.
You feel sick.
Found an escape hatch in the ceiling.
You see here an adder corpse.
Found 20 stones.
You feel sick. You block the ogre's attack.
You hit the ogre.
The ogre is lightly wounded.
You block the ogre's attack. The ogre hits you with a giant club!!
Ouch! That really hurt!
You die...

*,***,,,,,**,*,**,,,,,,+,,,,,,,,
*,,,,,,,.....#+###******,,,,,**,
*,,**,,,.........# *,***,,,,
*,,**,,,.........###****,* *,**,
*,,**,,,.........(.,,,,,,******,
*,,**,,,..........,,,,,,,,,,,,,,
*,,**,,,.........###############
**,,**,,,........O...............
*,,,******#.....@.†.)............
***** #.........)............
#<.....................
#.......###############
###..#...,,,,,,,,,,,,,,
#..#....,,,,,,,,,,,,,
#..#....,,,,,,,,,,,,,
#..#...##************
*,,+,,,*,,,,,,,,,,,,,


You could see an ogre.

Vanquished Creatures
  A howler monkey (D:4)
  A jelly (D:3)
  An orc priest (D:4)
  An iguana (D:4)
  Natasha (thrice) (D:2)
  A worker ant (D:4)
  A gnoll (D:1)
  5 adders
  An ooze (D:1)
  3 dart slugs
  2 leopard geckos
  6 orcs
  2 ball pythons (D:2)
  5 giant cockroaches
  7 goblins
  5 hobgoblins
  7 jackals
  2 quokkas (D:2)
  5 bats
  7 frilled lizards
  6 kobolds
  6 rats
78 creatures vanquished.

Notes
Turn   | Place    | Note
-------+----------+-------------------------------------------
     0 | D:1      | shmeve the Minotaur Berserker began the quest for the Orb.
     0 | D:1      | Reached XP level 1. HP: 19/19 MP: 0/0
   137 | D:1      | Reached skill level 1 in Shields
   137 | D:1      | Reached XP level 2. HP: 27/27 MP: 1/1
   139 | D:1      | Reached skill level 2 in Shields
   285 | D:1      | Reached skill level 3 in Shields
   285 | D:1      | Reached XP level 3. HP: 24/33 MP: 2/2
   565 | D:1      | Reached ** piety under Trog
   905 | D:2      | Reached skill level 4 in Shields
   972 | D:2      | Reached XP level 4. HP: 31/40 MP: 3/3
  1038 | D:2      | Found a hide-covered altar of Uskayaw.
  1109 | D:2      | Found a basalt altar of Yredelemnul.
  1111 | D:2      | Noticed a profane servitor
  1121 | D:2      | Found a glowing golden altar of the Shining One.
  1123 | D:2      | Noticed an angel
  1144 | D:2      | Noticed Natasha
  1154 | D:2      | Killed Natasha
  1154 | D:2      | Reached skill level 5 in Shields
  1406 | D:2      | Noticed Natasha
  1411 | D:2      | Killed Natasha
  1411 | D:2      | Reached XP level 5. HP: 25/46 MP: 4/4
  1618 | D:2      | Noticed Natasha
  1629 | D:2      | Killed Natasha
  1629 | D:2      | Reached skill level 6 in Shields
  1926 | D:3      | Reached *** piety under Trog
  2257 | D:4      | Reached skill level 1 in Throwing
  2412 | D:4      | Reached XP level 6. HP: 45/52 MP: 5/5
  2429 | D:4      | Slain by an ogre

Skill      XL: |  1  2  3  4  5 |
---------------+----------------+-----
Shields        | 1 3 4 5 6 |  6.4
Fighting       | 4 |  4.2
Axes           | 4 |  4.3
Throwing       | 1 |  1.4
Armour         | |  2.8
Dodging        | |  2.5

Action                   |  1- 3 |  4- 6 || total
-------------------------+-------+-------++-------
Melee: Hand axe          |    79 |    83 ||   162
       Headbutt          |    14 |    13 ||    27
Invok: Berserk           |       |     1 ||     1
  Use: Scroll            |       |     8 ||     8
 Stab: Sleeping          |     1 |       ||     1
  Eat: Chunk             |       |     4 ||     4
Armor: Animal skin       |    20 |    11 ||    31
Dodge: Dodged            |    71 |    39 ||   110
Block: Large shield      |       |    48 ||    48
